AoeStats
← 17_Neo_

Arabian Desert

509927388Analyzed
1v1 RM · 3d ago on Sep 28, 2026· 31m 9s· 2 players
Game mode
Random Map
Map size
Tiny (2 player)
Population
200
Speed
Normal
Resources
Standard
Victory
Conquest
Starting age
Dark Age
Ending age
Imperial Age
RankedLock teamsTeams togetherTeam positionsShared explorationLock speedFull tech treeHidden civsTurbo modeCheats
Victory
Defeat
🇧🇷 Tatars · Brazil
1627
+18
🇨🇴 Maya · Colombia
1669
-18
[LCDR] Chorobura
5:41 Loom
8:30 Feudal Age
9:16 Double-Bit Axe
10:21 Horse Collar
20:03 Castle Age
18:02 Fletching
19:05 Padded Archer Armor
20:02 Gold Mining
20:52 Husbandry
21:11 Bloodlines
22:13 Bodkin Arrow
28:32 Leather Archer Armor
30:17 Ballistics
30:47 Wheelbarrow
30:34 Bow Saw
17_Neo_
0:27 Loom
9:41 Feudal Age
10:14 Double-Bit Axe
13:05 Horse Collar
15:43 Fletching
21:51 Castle Age
21:32 Padded Archer Armor
23:01 Bodkin Arrow
24:07 Thumb Ring
26:47 Ballistics
Connection lost

Rejoining the realm…

Still unreachable

The connection could not be restored.

Session expired

The server has moved on; the page needs a fresh start.